 Dungeon Crawl Stone Soup version 0.17.0-26-gececa24 (webtiles) character file.

29 M4edhros the Charlatan (level 3, -15/23 HPs)
             Began as an Octopode Artificer on Nov 19, 2015.
             Demolished by an ogre
             ... wielding a +0 giant club
              (33 damage)
             ... on level 4 of the Dungeon.
             The game lasted 00:00:52 (929 turns).

M4edhros the Charlatan (Octopode Artificer)          Turns: 929, Time: 00:00:52

Health: -15/23     AC:  1    Str: 10    XL:     3   Next: 16%
Magic:  6/6        EV: 12    Int: 14    God:    Xom [..*...]
Gold:   48         SH:  0    Dex: 13    Spells: 0 memorised, 2 levels left

rFire  . . .     SeeInvis .     a - +0 short sword
rCold  . . .     Clarity  .     (no shield)
rNeg   . . .     SustAt   .     (helmet restricted)
rPois  .         Gourm    .     (no amulet)
rElec  .         Spirit   .     (no ring)
rCorr  .         Warding  .     (no ring)
rMut   .         Stasis   .     (no ring)
MR     .....                    (no ring)
Stlth  +++.......               (no ring)
                                (no ring)
                                (no ring)
                                (no ring)

@: not resistant to hostile enchantments, fairly stealthy
A: almost no armour, amphibious, 8 rings, constrict 8, camouflage 1, gelatinous
body 1
a: Renounce Religion


You were on level 4 of the Dungeon.
You worshipped Xom.
You were a toy of Xom.
You were not hungry.

You visited 1 branch of the dungeon, and saw 4 of its levels.

You collected 48 gold pieces.

Inventory:

Hand Weapons
 a - a +0 short sword (weapon)
Jewellery
 f - an uncursed ring of see invisible {unknown}
Wands
 b - a wand of flame (11)
 c - a wand of enslavement (14)
 d - a wand of random effects (12)
Scrolls
 h - a scroll of identify {unknown}
Potions
 g - a potion of haste {unknown}
 i - a potion of degeneration {unknown}
Comestibles
 e - 2 bread rations


   Skills:
 - Level 1.0 Fighting
 - Level 1.0 Short Blades
 - Level 2.0 Dodging
 + Level 3.0 Stealth
 + Level 4.1 Evocations


You had 2 spell levels left.
You didn't know any spells.

Dungeon Overview and Level Annotations

Branches:
Dungeon (4/15)
 Temple: D:4-7

Altars:
Xom


Innate Abilities, Weirdness & Mutations

You cannot wear most types of armour.
You are amphibious.
You can wear up to eight rings at the same time.
You can use your tentacles to constrict eight enemies at once.
Your skin changes colour to match your surroundings (Stealth).
Your rubbery body absorbs attacks (AC +1).


Message History

Evoke which item? (* to show all) (? for menu, Esc to quit)
Zapping:
d - a wand of random effects (14)
Press: ? - help, Shift-Dir - straight line, f/p - ogre
Aim: an ogre, wielding a giant club (fast) Xom thinks this is hilarious!
The ogre barely resists.
This wand has 13 charges left.
Evoke which item? (* to show all) (? for menu, Esc to quit)
Zapping:
d - a wand of random effects (13)
Press: ? - help, Shift-Dir - straight line, f/p - ogre
Aim: an ogre, wielding a giant club (fast)
The ogre barely resists.
This wand has 12 charges left.
Evoke which item? (* to show all) (? for menu, Esc to quit)
Zapping:
c - a wand of enslavement (15)
Press: ? - help, Shift-Dir - straight line, f/p - ogre
Aim: an ogre, wielding a giant club (fast, chance to defeat MR: 54%)
The ogre resists with significant effort.
This wand has 14 charges left.
The ogre hits you with a giant club!!
Ouch! That really hurt!
You die...
Xom guffaws!

......!...<....#
........%.......#
................
..............#
..............#
..............#
.........<...#
#.......O...##
.##...@##..#
........# ...#
##.##...# .#.# .
.....# .#...
......# .# #.#
......... .# ..
.........
.........


You could see an ogre.

Vanquished Creatures
  A worm (D:3)
  5 bats
  A giant cockroach (D:3)
  2 goblins (D:3)
  9 jackals
  2 giant newts (D:2)
  3 kobolds
  A rat (D:2)
24 creatures vanquished.

Notes
Turn   | Place    | Note
--------------------------------------------------------------
     0 | D:1      | M4edhros the Octopode Artificer began the quest for the Orb.
     0 | D:1      | Reached XP level 1. HP: 13/13 MP: 3/3
    95 | D:1      | Reached XP level 2. HP: 1/18 MP: 4/4
   469 | D:2      | Found a shimmering altar of Xom.
   618 | D:2      | Became a worshipper of Xom of Chaos
   672 | D:3      | Reached skill level 4 in Evocations
   678 | D:3      | Reached XP level 3. HP: 20/23 MP: 4/6
   716 | D:3      | XOM: harmless Trmt miscast
   923 | D:4      | Noticed an ogre
   929 | D:4      | Demolished by an ogre

Action                   || total
-------------------------++-------
Melee: Short sword       ||    50
Evoke: Wand              ||     8
 Stab: Sleeping          ||     4
